 Dungeon Crawl Stone Soup version 0.30.1-3-gfc49f6343a (webtiles) character file.

Game seed: 13870867801044244735

5457 Peloso the Carver (level 10, 0/88 HPs)
             Began as a Minotaur Fighter on Aug 5, 2023.
             Was a Follower of Okawaru.
             Slain by a boulder beetle (18 damage)
             ... on level 9 of the Dungeon.
             The game lasted 00:15:38 (9361 turns).

Peloso the Carver (Minotaur Fighter)                Turns: 9361, Time: 00:15:38

Health: 0/88       AC: 20    Str: 29    XL:     10   Next: 41%
Magic:  9/9        EV:  8    Int:  5    God:    Okawaru [*.....]
Gold:   309        SH:  7    Dex: 12    Spells: 9/9 levels left

rFire   . . .        b - +6 shillelagh "Devastator" {shatter}
rCold   + . .        d - +2 buckler
rNeg    . . .        z - +0 plate armour
rPois   .            C - +2 hat
rElec   .            E - +2 cloak
rCorr   .            (no gloves)
SInv    +            (no boots)
Will    .....        (no amulet) Stlth
                     r - ring of Fiahusuk {Str+6 SInv Stlth+}
HPRegen 0.34/turn    s - ring of protection from cold
MPRegen 0.11/turn

%: no passive effects
@: spiked, slowed, very slow
A: horns 2, retaliatory headbutt
a: Renounce Religion, Heroism


You were on level 9 of the Dungeon.
You worshipped Okawaru.
Okawaru was aware of your devotion.
You visited 2 branches of the dungeon, and saw 10 of its levels.

You collected 424 gold pieces.
You spent 115 gold pieces at shops.

Inventory:

Hand Weapons
 a - a +1 heavy scimitar
 b - the +6 shillelagh "Devastator" (weapon) {shatter}
   (You found it on level 6 of the Dungeon)
 c - a +0 dagger of flaming
Missiles
 k - a throwing net (quivered)
Armour
 d - a +2 buckler (worn)
 j - a +0 chain mail
 z - a +0 plate armour (worn)
 C - a +2 hat (worn)
 E - a +2 cloak (worn)
Jewellery
 r - the ring of Fiahusuk (left hand) {Str+6 SInv Stlth+}
   (You found it on level 2 of the Dungeon)

   [ring of strength]

   Str:       It affects your strength (+6).
   SInv:      It lets you see invisible.
   Stlth:     It makes you more stealthy.
 s - a ring of protection from cold (right hand)
 x - a ring of ice
 y - a ring of resist corrosion
 A - a +5 ring of evasion
 B - a ring of magical power
 F - a ring of flight
 H - an amulet of magic regeneration
Wands
 w - a wand of polymorph (10)
Scrolls
 e - 2 scrolls of teleportation {unknown}
 g - 2 scrolls of immolation {unknown}
 h - 2 scrolls of noise
 i - a scroll of brand weapon {unknown}
 m - 7 scrolls of identify
 n - 5 scrolls of poison {unknown}
 p - 2 scrolls of vulnerability {unknown}
 q - 4 scrolls of magic mapping
 I - a scroll of enchant weapon {unknown}
Potions
 f - a potion of might
 l - 2 potions of berserk rage
 o - 3 potions of flight
 t - 6 potions of curing {unknown}
 u - 2 potions of attraction {unknown}
 v - a potion of mutation {unknown}
 D - a potion of heal wounds
 G - 4 potions of haste {unknown}
 J - a potion of degeneration {unknown}


   Skills:
 + Level 7.7 Fighting
 + Level 10.7 Long Blades
 + Level 7.3 Maces & Flails
 + Level 10.6 Armour
 + Level 1.3 Dodging
 + Level 0.7 Stealth
 + Level 6.8 Shields


You had 9 spell levels left.
You didn't know any spells.
Your spell library contained the following spells:

 Spells                   Type           Power      Damage    Failure   Level
 Sandblast                Erth           0%         2d4       99%         1
 Passwall                 Tmut/Erth      0%         N/A       100%        2
 Ozocubu's Armour         Ice            0%         N/A       100%        3
 Stone Arrow              Conj/Erth      0%         3d7       100%        3
 Metabolic Englaciation   Hex/Ice        0%         N/A       100%        5
 Summon Forest            Summ/Tloc      Unusable   N/A       N/A         5
 Summon Mana Viper        Hex/Summ       Unusable   N/A       N/A         5
 Simulacrum               Ice/Necr       Unusable   N/A       N/A         6
 Summon Cactus Giant      Summ           Unusable   N/A       N/A         6

Dungeon Overview and Level Annotations

Branches:
Dungeon (9/15)             Temple (1/1) D:5
   Lair: D:8-11         Orc: D:9-12

Altars:
Ashenzari
Cheibriados
Dithmenos
Elyvilon
Fedhas
Gozag
Hepliaklqana
Kikubaaqudgha
Makhleb
Nemelex Xobeh
Okawaru
Qazlal
Ru
Sif Muna
Trog
Uskayaw
Vehumet
Wu Jian
Xom
Yredelemnul
Zin
The Shining One

Shops:
D:2 ?   D:3 *   D:5 (


Innate Abilities, Weirdness & Mutations

You have a pair of horns on your head.
You reflexively headbutt those who attack you in melee.


Message History

The volley of spikes misses you.
The orc warrior shouts!
You feel sick.
An orc comes into view. It is wielding a +0 dagger.
A cyclops comes into view.
Unknown command.
You sock the kobold demonologist!
The kobold demonologist, the manticore and the boulder beetle shudder.
The kobold demonologist is severely wounded.
The manticore is lightly wounded.
The boulder beetle is lightly wounded.
Your headbutt misses the kobold demonologist.
The kobold demonologist is severely wounded.
You feel sick.
You are no longer poisoned.
The kobold demonologist hits you but does no damage.
A howler monkey comes into view.
The boulder beetle stops rolling and uncurls.
The kobold demonologist hits you but does no damage.
The howler monkey hoots and howls with incredible vigour!
You hear a shout!
You hit the kobold demonologist.
There is a shattering impact!
The kobold demonologist is almost dead.
The kobold brigand is lightly wounded.
The boulder beetle is lightly wounded.
Your headbutt misses the kobold demonologist.
The kobold demonologist is almost dead.
The howler monkey hoots and howls with incredible vigour!
You hear a shout! x2; You hear an angry hiss.
You hit the boulder beetle.
There is a shattering impact!
The boulder beetle is moderately wounded.
The manticore is lightly wounded.
The kobold brigand is severely wounded.
You kill the kobold demonologist!
Okawaru accepts your kill.
You can now gain great but temporary skills.
The boulder beetle is moderately wounded.
The boulder beetle bites you!!
* * * LOW HITPOINT WARNING * * *
A kobold brigand comes into view.
It is wielding a +0 short sword and quivering curare-tipped darts.
The boulder beetle bites you!!
You die...

#..))..##
#..)....#.K#
#.>.)...#..#
#.......#..#
##.....##Ch ###
#......#o.#....
#......#oK.....
#.....##BH.#
#.....#@#
#......##
#............#
#.#.....####.#
#.####### #. ..


You could see a boulder beetle, a manticore, a cyclops, an orc warrior, 2 kobold
brigands, a howler monkey and an orc.

Vanquished Creatures
  A two-headed ogre (D:7)
  Maggie (D:7)
  A kobold demonologist (D:9)
  Sigmund (D:4)
  9 yaks (D:8)
  A wyvern (D:9)
  Menkaure (D:7)
  A water moccasin (D:7)
  An ice beast (D:7)
  An orc warrior (D:9)
  A sky beast (D:7)
  5 ogres
  A phantom (D:7)
  3 kobold brigands
  6 scorpions
  A bullfrog (D:7)
  6 wights
  6 killer bees
  6 howler monkeys
  Crazy Yiuf (D:7)
  2 hounds
  2 orc priests
  A sleepcap (D:5)
  2 iguanas
  6 orc wizards
  10 adders
  A shadow imp (D:6)
  2 white imps
  An ufetubus (D:5)
  2 worms
  A dart slug (D:1)
  25 orcs
  7 endoplasms
  3 giant cockroaches
  2 goblins
  3 hobgoblins
  11 jackals (D:1)
  16 kobolds
  3 quokkas
  9 ball pythons
  7 bats
  4 frilled lizards
  6 rats
180 creatures vanquished.

Notes
Turn   | Place    | Note
-------+----------+-------------------------------------------
     0 | D:1      | Peloso the Minotaur Fighter began the quest for the Orb.
     0 | D:1      | Reached XP level 1. HP: 19/19 MP: 0/0
   174 | D:1      | Reached XP level 2. HP: 27/27 MP: 1/1
   438 | D:1      | Reached XP level 3. HP: 32/33 MP: 2/2
   936 | D:2      | Found Gepperesk's Magic Scroll Boutique.
   954 | D:2      | Bought a scroll of noise for 11 gold pieces
   954 | D:2      | Bought a scroll of identify for 22 gold pieces
  1205 | D:2      | Reached XP level 4. HP: 39/40 MP: 3/3
  1393 | D:2      | Identified the ring of Fiahusuk {Str+6 SInv Stlth+}
  1987 | D:2      | Bought a scroll of magic mapping for 82 gold pieces
  2208 | D:3      | Found a basalt altar of Yredelemnul.
  2209 | D:3      | Found a bloodstained altar of Trog.
  2319 | D:3      | Found a faded altar of an unknown god.
  2356 | D:3      | Found Dybusydi's Assorted Antiques.
  2433 | D:3      | Noticed a scorpion
  2449 | D:3      | Killed a scorpion
  2450 | D:3      | Reached skill level 5 in Armour
  2450 | D:3      | Reached XP level 5. HP: 30/47 MP: 4/4
  2793 | D:3      | Reached skill level 5 in Long Blades
  3008 | D:4      | Reached XP level 6. HP: 15/53 MP: 5/5
  3288 | D:4      | Noticed Sigmund
  3387 | D:5      | Entered Level 5 of the Dungeon
  3738 | D:5      | Reached skill level 1 in Dodging
  4384 | D:4      | Killed Sigmund
  4385 | D:4      | Reached XP level 7. HP: 39/60 MP: 6/6
  5066 | D:5      | Found Zaac's Weapon Boutique.
  5147 | D:5      | Identified the +1 robe of the Volcano {rPois rF+++ Str-5
                  | Dex-4}
  5512 | D:5      | Reached skill level 5 in Shields
  5824 | D:5      | Found a staircase to the Ecumenical Temple.
  5833 | Temple   | Entered the Ecumenical Temple
  6576 | D:6      | Reached XP level 8. HP: 67/67 MP: 7/7
  6587 | D:5      | Reached skill level 5 in Fighting
  6639 | D:6      | Found a broken altar of Ashenzari.
  6710 | D:6      | Found the +6 shillelagh "Devastator" {shatter}
  6735 | D:6      | HP: 2/67 [ogre/+0 giant club (4)]
  7015 | D:6      | Identified the +1 leather armour "Wesyem" {*Corrode +Blink
                  | rElec Str+4}
  7743 | D:7      | Reached skill level 1 in Maces & Flails
  7780 | D:7      | Found a runed translucent door.
  7783 | D:7      | Noticed Crazy Yiuf
  7786 | D:7      | Killed Crazy Yiuf
  7834 | D:7      | Noticed Menkaure
  7847 | D:7      | Reached XP level 9. HP: 57/75 MP: 8/8
  7847 | D:7      | Killed Menkaure
  7848 | D:7      | Noticed Maggie
  7854 | D:7      | Killed Maggie
  7968 | D:7      | Found a radiant altar of Vehumet.
  8141 | D:7      | Reached skill level 10 in Long Blades
  8304 | D:7      | Noticed a two-headed ogre
  8308 | D:7      | Killed a two-headed ogre
  8395 | D:8      | Reached skill level 5 in Maces & Flails
  8404 | D:8      | Reached skill level 10 in Armour
  8404 | D:8      | Reached XP level 10. HP: 65/86 MP: 9/9
  8616 | D:8      | Found an iron altar of Okawaru.
  8656 | D:8      | Became a worshipper of Warmaster Okawaru
  8929 | D:8      | Found a glowing silver altar of Zin.
  8929 | D:8      | Noticed an angel
  9349 | D:9      | Noticed a manticore
  9355 | D:9      | Noticed a boulder beetle
  9358 | D:9      | Noticed a cyclops
  9361 | D:9      | Reached * piety under Okawaru
  9361 | D:9      | Slain by a boulder beetle

Illustrated notes

Levels and vault maps discovered:
D:1:      saegor_arrival_simple_a, layout_loops_ring
D:2:      minmay_door_path, layout_basic, serial_shops, nicolae_shop_trees,
          hex_large
D:3:      layout_basic, chequers_temple_overflow_statue_of_worship,
          ebering_ecumenical_altar_petrified, serial_shops, shop
D:4:      minmay_polygon_palace, layout_basic, uniq_sigmund
D:5:      layout_gridville, temple_hall, serial_shops,
          nicolae_shop_advertising_works [nicolae_subvault_shop_adworks]
D:6:      layout_basic, mainiacjoe_overflow_24_doors,
          dilly_guarded_unrand_devastator
D:7:      layout_gridville, vehumet_crystals, kennysheep_flooded_box,
          uniq_menkaure, uniq_crazy_yiuf_cottage, uniq_maggie
D:8:      layout_loops_corners, old_standard_altar, zin_angel
D:9:      layout_rooms, orc_david_3, minmay_pinched_square
Temple:   minmay_temple_bridge_d

Skill      XL: |  1  2  3  4  5  6  7  8  9 10 |
---------------+-------------------------------+-----
Shields        | 4 5 6 |  6.8
Armour         | 4 5 6 7 9 10 | 10.6
Fighting       | 4 5 7 |  7.7
Long Blades    | 3 4 5 6 7 9 10 | 10.7
Dodging        | 1 |  1.3
Maces & Flails | 1 5 7 |  7.3
Stealth        | |  0.7

Action                     |  1- 3 |  4- 6 |  7- 9 | 10-12 || total
---------------------------+-------+-------+-------+-------++-------
  Melee: Long sword        |   114 |   152 |   153 |       ||   419
         Headbutt          |    13 |    19 |    42 |     5 ||    79
         Unarmed           |       |       |     1 |       ||     1
         Shillelagh        |       |       |    46 |    40 ||    86
    Use: Potion            |     2 |     1 |       |       ||     3
         Scroll            |       |     2 |       |       ||     2
 Armour: Scale mail        |    16 |       |       |       ||    16
         Chain mail        |    70 |    72 |    10 |       ||   152
         Plate armour      |       |       |    88 |    20 ||   108
  Dodge: Dodged            |    47 |    72 |    76 |    14 ||   209
  Block: Buckler           |    33 |    39 |    68 |    13 ||   153
